 Dungeon Crawl Stone Soup version 0.28-a0-1404-g4df0f3684d (webtiles) character file.

Game seed: 540087359098805636

18 mtoz the Skirmisher (level 2, 27/27 HPs)
             Began as a Minotaur Berserker on Jan 5, 2022.
             Was a Follower of Trog.
             Quit the game on level 1 of the Dungeon.
             The game lasted 00:01:43 (865 turns).

mtoz the Skirmisher (Minotaur Berserker)             Turns: 865, Time: 00:01:44

Health: 27/27      AC:  5    Str: 21    XL:     2   Next: 51%
Magic:  1/1        EV: 11    Int:  4    God:    Trog [*.....]
Gold:   0          SH:  0    Dex:  9    Spells: 1/1 levels left

rFire   . . .      SeeInvis .   a - +0 hand axe
rCold   . . .      Faith    .   (no shield)
rNeg    . . .      Spirit   .   d - +0 ring mail
rPois   .          Reflect  .   (helmet restricted)
rElec   .          Harm     .   (no cloak)
rCorr   .          Rampage  .   (no gloves)
Will    .....                   (no boots)
Stlth   ..........              (no amulet)
HPRegen 0.09/turn               (no ring)
MPRegen 0.07/turn               (no ring)

@: no status effects
A: horns 2, retaliatory headbutt
a: Renounce Religion, Berserk


You were on level 1 of the Dungeon.
You worshipped Trog.
Trog was aware of your devotion.
You visited 1 branch of the dungeon, and saw 1 of its levels.

Inventory:

Hand Weapons
 a - a +0 hand axe (weapon)
Armour
 b - a +0 animal skin
 d - a +0 ring mail (worn)
Scrolls
 c - a scroll of silence {unknown}
 f - a scroll of identify {unknown}
Potions
 e - a potion of might {unknown}


   Skills:
 + Level 3.9 Fighting
 + Level 3.9 Axes
 + Level 2.8 Armour
 + Level 2.5 Dodging


You had one spell level left.
You didn't know any spells.
Your spell library was empty.

Dungeon Overview and Level Annotations

Branches:
Dungeon (1/15)

Altars:


Innate Abilities, Weirdness & Mutations

You have a pair of horns on your head.
You reflexively headbutt those who attack you in melee.


Message History

The rat bites you.
You barely miss the rat. You headbutt the rat.
You kill the rat!
Trog accepts your kill.
No target in view!
A rat comes into view.
A rat is nearby!
You hit the rat. You headbutt the rat.
You kill the rat!
Trog accepts your kill.
No target in view!
f - a scroll labelled FIERREOSOSS
Found a runed robe.
No target in view!
You see here a +2 robe of resistance.
An endoplasm comes into view.
The endoplasm quivers.
The endoplasm freezes you.
You are frozen.
You hit the endoplasm but do no damage. You headbutt the endoplasm.
You kill the endoplasm!
Trog accepts your kill.
No target in view!
You open the door.
A rat comes into view.
There is an open door here.
You hit the rat.
You kill the rat!
Trog accepts your kill.
No target in view!
You see here a rat corpse.
A goblin comes into view. It is wielding a +0 club.
The goblin shouts!
The goblin hits you but does no damage.
You slash the goblin!
You kill the goblin!
Trog accepts your kill.
No target in view!
Found a hand axe.
Are you sure you want to abandon this character and quit the game? (Confirm with "yes".)

##.....## ........#
#.###.#
#.......#####.......#
#......
#..................#
####...
+..................♣
♣.....
#........).###.....#
##....
##.##+##.#.###..#..♣
♣ #.... #. #.#.##..##
.... #..#. #
#...##.###..♣.♣ #>.#.
#......@....# . #....
#.#.##.###.#♣ ##.##
..#..... .# ###.# #.#
..# ..# ).


There were no monsters in sight!

Vanquished Creatures
  A ball python (D:1)
  A bat (D:1)
  2 endoplasms (D:1)
  A giant cockroach (D:1)
  2 goblins (D:1)
  2 hobgoblins (D:1)
  A quokka (D:1)
  2 frilled lizards (D:1)
  5 rats (D:1)
17 creatures vanquished.

Vanquished Creatures (others)
  A plant (D:1)
1 creature vanquished.

Grand Total: 18 creatures vanquished

Notes
Turn   | Place    | Note
-------+----------+-------------------------------------------
     0 | D:1      | mtoz the Minotaur Berserker began the quest for the Orb.
     0 | D:1      | Reached XP level 1. HP: 19/19 MP: 0/0
   583 | D:1      | Reached XP level 2. HP: 27/27 MP: 1/1
   865 | D:1      | Quit the game

Illustrated notes

Levels and vault maps discovered:
D:1:      amcnicky_arrival_choice, layout_loops_corners, serial_forest,
          infiniplex_forest_clump_large, infiniplex_forest_clump_diagonal,
          infiniplex_forest_clump_tiny, infiniplex_forest_lined_2,
          infiniplex_forest_clump_long, infiniplex_forest_lined_room_2,
          infiniplex_forest_clump_long, minivault_24, grunt_decor_junction,
          minmay_misc_feat_room

Action                   || total
-------------------------++-------
Melee: Hand axe          ||    38
       Headbutt          ||     5
Armor: Animal skin       ||     3
       Ring mail         ||     4
Dodge: Dodged            ||    16

Table legend: (Time is in decaauts)
 A = Elapsed time spent in this place.
 B = Non-inter-level travel time spent in this place.
 C = Inter-level travel time spent in this place.
 D = Time resting spent in this place.
 E = Time spent auto-exploring this place.
 F = Levels seen in this place.
 G = Mean time per level.
                   A        B        C        D        E       F      G
               +--------+--------+--------+--------+--------+-----+--------+
         Total |    869 |    869 |      0 |      0 |    744 |   1 |  869.0 |
       Dungeon |    869 |    869 |      0 |      0 |    744 |   1 |  869.0 |
               +--------+--------+--------+--------+--------+-----+--------+

Top non-repeatable levels by time:
     D:1: 869 daAuts
